 Dungeon Sprint DCSS version 0.30-a0-852-g08b95dd62f (webtiles) character file.

Game seed: 4851424989800818443

500 dialectric the Carver (level 6, -8/49 HPs)
             Began as a Demonspawn Gladiator on Mar 5, 2023.
             Was an Initiate of Trog.
             Shot with a bolt by a yaktaur captain (37 damage)
             ... in the Dungeon (Sprint II: "The Violet Keep of Menkaure").
             The game lasted 00:01:13 (163 turns).

dialectric the Carver (Demonspawn Gladiator)         Turns: 163, Time: 00:01:13

Health: -8/49      AC:  7    Str: 16    XL:     6   Next: 94%
Magic:  6/6        EV: 14    Int:  9    God:    Trog [......]
Gold:   486        SH:  0    Dex: 15    Spells: 5/5 levels left

rFire   . . .      SeeInvis .    a - +0 long sword
rCold   . . .      Faith    .    (no shield)
rNeg    . . .      Spirit   .    b - +0 leather armour
rPois   .          Reflect  .    c - +0 helmet
rElec   .          Rampage  .    (no cloak)
rCorr   .          NoTele   +    (no gloves)
Will    .....                    (no boots)
Stlth   ++                       (no amulet)
HPRegen 0.28/turn                (no ring)
MPRegen 0.10/turn                (no ring)

@: no status effects
A: hooves 1, icy blue scales 1, ignite blood 1, spiny 1
a: Renounce Religion


You were in the Dungeon.
You worshipped Trog.
Trog was noncommittal.
You visited 1 branch You collected 486 gold pieces.

Inventory:

Hand Weapons
 a - a +0 long sword (weapon)
Missiles
 d - a throwing net (quivered)
Armour
 b - a +0 leather armour (worn)
 c - a +0 helmet (worn)
Scrolls
 k - a scroll of blinking
Potions
 f - a potion of curing
 h - a potion of haste
 i - 2 potions of magic


   Skills:
 + Level 4.6 Fighting
 + Level 9.0 Long Blades
 + Level 4.2 Throwing
 * Level 5.9 Armour
 + Level 6.6 Dodging
 + Level 3.1 Stealth


You had 5 spell levels left.
You didn't know any spells.
Your spell library was empty.

Dungeon Overview and Level Annotations

Branches:
Dungeon (1/1)

Altars:
Cheibriados
Dithmenos
Fedhas
Gozag
Hepliaklqana
Kikubaaqudgha
Makhleb
Nemelex Xobeh
Okawaru
Qazlal
Ru
Sif Muna
Trog
Uskayaw
Vehumet
Wu Jian
Xom
Yredelemnul
Jiyva
Lugonu

Shops:
D !!:![[=*=[([

Annotations:
D exclusion: orange crystal statue, Kirke


Innate Abilities, Weirdness & Mutations

You have large cloven feet.
You are partially covered in icy blue scales. (AC +2)
Your demonic aura sometimes causes spilled blood to erupt in flames.
You are partially covered in sharp spines.


Message History

Press < or > to pray at altars.
There is a hide-covered altar of Uskayaw here.
There is an iron altar of Okawaru here.
There is an open door here.
You enter the shallow water.
Moving in this stuff is going to be slow.
Really walk into a travel-excluded area?
Really walk into a travel-excluded area?
Uppercase [Y]es or [N]o only, please.
Really walk into a travel-excluded area?
Okay, then.
You are engulfed in a cloud of scalding steam.
There is an open door here.
There is an open door, spattered with blood here.
There is a staircase leading out of the dungeon here.
The walls and floor vibrate strangely for a moment.
There is an open door here.
You see here a worm corpse.
The walls and floor vibrate strangely for a moment.
There is an open door here.
You see here a worm corpse.
The orange crystal statue is engulfed in mutagenic fog.
There is an open door here.
The orange crystal statue is engulfed in mutagenic fog.
Kirke, a yaktaur captain and a kobold demonologist come into view.
The kobold demonologist is wielding a +0 dagger of pain.
A centaur warrior comes into view.
Kirke shouts!
The kobold demonologist shouts!
The yaktaur captain shouts!
You enter the shallow water.
Moving in this stuff is going to be slow.
Found a potion of magic and 5 gold pieces.
Kirke whispers, "Not even holy moly will save you."
The yaktaur captain wields a +0 arbalest.
The yaktaur captain shoots a bolt.
The bolt barely misses you. As you open the door, it creaks loudly!
Found 81 gold pieces.
Found Luitses's Distillery and Ginealo's Distillery.
The yaktaur captain shoots a bolt.
The bolt hits you!!!
Ouch! That really hurt!
You die...

########~~#+++#+++##
########~K~.........#
.......#c~~~.##'##..#
∩.....∩#~~~~###..##.####
.∩...∩.#~@~~#.##..# ...#
∩.∩.∩.∩#~~####.#.####..#
.∩.∩...#~##. ##†###.##..
..∩.∩..#~#$.B##.##...#..
...⌠...@~+ #+.<.')#.'..
.......#~#..B##.##...#..
▓▓▓▓▓###~##. #+###.##§.
$!######~~# $#. ###~~.
Y$# ##~~ l# #l#~~~~~ P
+#~## ##~~~~~ ~~ #~~~≈≈≈
~~ ~~~~~~≈§ +++#~≈≈≈


You could see Kirke, a death yak (asleep), a yaktaur captain, an oklob plant and
a kobold demonologist.

Vanquished Creatures
  A merfolk siren (D)
  Menkaure (D)
  A water moccasin (D)
  3 worms (D)
6 creatures vanquished.

Vanquished Creatures (others)
  A water moccasin (D)
1 creature vanquished.

Grand Total: 7 creatures vanquished

Notes
Turn   | Place    | Note
-------+----------+-------------------------------------------
     0 | D        | dialectric the Demonspawn Gladiator began the quest for the
                  | Orb.
     0 | D        | Reached XP level 1. HP: 16/16 MP: 1/1
     1 | D        | Noticed a boulder beetle
     1 | D        | Noticed a boulder beetle
    10 | D        | Reached skill level 3 in Long Blades
    12 | D        | Reached skill level 1 in Armour
    15 | D        | Gained mutation: You have large cloven feet. [demonic
                  | ancestry]
    15 | D        | Reached XP level 2. HP: 23/23 MP: 2/2
    37 | D        | Noticed a merfolk siren
    44 | D        | Killed a water moccasin
    46 | D        | Noticed Menkaure
    51 | D        | Killed a merfolk siren
    52 | D        | Reached skill level 7 in Long Blades
    52 | D        | Reached skill level 5 in Armour
    52 | D        | Gained mutation: Your demonic aura sometimes causes spilled
                  | blood to erupt in flames. [demonic ancestry]
    52 | D        | Reached XP level 3. HP: 6/30 MP: 3/3
    52 | D        | Reached XP level 4. HP: 7/37 MP: 4/4
    52 | D        | Gained mutation: You are partially covered in icy blue
                  | scales. (AC +2) [demonic ancestry]
    52 | D        | Reached XP level 5. HP: 9/42 MP: 5/5
    52 | D        | Gained mutation: You are partially covered in sharp spines.
                  | [demonic ancestry]
    52 | D        | Reached XP level 6. HP: 10/48 MP: 6/6
    56 | D        | Killed Menkaure
    57 | D        | Reached skill level 8 in Long Blades
    69 | D        | Noticed an orange crystal statue
    71 | D        | Noticed a water moccasin
    77 | D        | Killed a water moccasin
    78 | D        | Reached skill level 9 in Long Blades
    78 | D        | Found Keufez's Antique Weapon Boutique.
    78 | D        | Found Cerchiwa's Armour Shop.
    79 | D        | Found Uliolo's Antique Armour Boutique.
    80 | D        | Found Zesha's Assorted Antiques.
    80 | D        | Found Ukezoyn's Jewellery Shop.
    81 | D        | Found Vosecso's Jewellery Boutique.
    82 | D        | Found Eziorchus's Antique Armour Shop.
    82 | D        | Found Esiut's Antique Armour Boutique.
    83 | D        | Found Hozelyel's Book Boutique.
    83 | D        | Found Soolic's Distillery.
   101 | D        | Noticed a wyvern
   101 | D        | Noticed a wyvern
   110 | D        | Found an iron altar of Okawaru.
   110 | D        | Found a radiant altar of Vehumet.
   111 | D        | Found a sparkling altar of Nemelex Xobeh.
   111 | D        | Found a hide-covered altar of Uskayaw.
   112 | D        | Found an opulent altar of Gozag.
   112 | D        | Found a burning altar of Makhleb.
   112 | D        | Found a bloodstained altar of Trog.
   113 | D        | Found a blossoming altar of Fedhas.
   113 | D        | Found a corrupted altar of Lugonu.
   113 | D        | Found a basalt altar of Yredelemnul.
   113 | D        | Found a shimmering blue altar of Sif Muna.
   114 | D        | Found an ancient bone altar of Kikubaaqudgha.
   115 | D        | Found a shadowy altar of Dithmenos.
   115 | D        | Found a viscous altar of Jiyva.
   116 | D        | Found a snail-covered altar of Cheibriados.
   118 | D        | Found a shimmering altar of Xom.
   118 | D        | Found a sacrificial altar of Ru.
   118 | D        | Found a hazy altar of Hepliaklqana.
   119 | D        | Found an ornate altar of the Wu Jian Council.
   119 | D        | Found a stormy altar of Qazlal.
   122 | D        | Noticed a flying skull
   122 | D        | Noticed a flying skull
   123 | D        | Noticed a flying skull
   124 | D        | Became a worshipper of Trog the Wrathful
   125 | D        | Noticed a flying skull
   154 | D        | Noticed Kirke
   154 | D        | Noticed a yaktaur captain
   154 | D        | Noticed a kobold demonologist
   155 | D        | Noticed a centaur warrior
   163 | D        | Found Luitses's Distillery.
   163 | D        | Found Ginealo's Distillery.
   163 | D        | Noticed a death yak
   163 | D        | Noticed an oklob plant
   163 | D        | Shot with a bolt by a yaktaur captain

Illustrated notes

Levels and vault maps discovered:
D:        the_violet_keep_of_menkaure [sprint2_stairs_cluster_1,
          sprint2_shoproom, sprint2_temple, sprint2_basic_supplies,
          sprint2_obstacle_5, sprint2_obstacle_1, sprint2_obstacle_4,
          sprint2_obstacle_7, sprint2_obstacle_2, sprint2_timed_cluster_1,
          sprint2_smallroom_cluster_1, sprint2_smallroom_final_cluster_1,
          sprint2_transparent_cluster_1, sprint2_second_timed_cluster_1,
          sprint2_sniper_area_1, sprint2_heavy_combat_area_1,
          sprint2_mutation_trap_area_1, sprint2_forest_area_1,
          sprint2_light_combat_area_1, sprint2_behind_water_1,
          sprint2_near_end_vault_1]

Skill      XL: |  1  2  3  4  5  6 |
---------------+-------------------+-----
Long Blades    | 3 7 9 |  9.0
Dodging        | 3 6 |  6.6
Throwing       | 2 3 4 |  4.2
Armour         | 1 5 |  5.9
Fighting       | 4 |  4.6
Stealth        | 2 3 |  3.1

Action                     |  1- 3 |  4- 6 || total
---------------------------+-------+-------++-------
  Melee: Long sword        |    18 |     7 ||    25
         Punch             |     1 |       ||     1
         Kick              |     3 |     3 ||     6
  Throw: Throwing net      |     3 |     2 ||     5
         Javelin           |       |     1 ||     1
    Use: Potion            |     1 |     1 ||     2
   Stab: Held in net/web   |     2 |     1 ||     3
 Armour: Leather armour    |       |     1 ||     1
  Dodge: Dodged            |     2 |     6 ||     8

Table legend: (Time is in decaauts)
 A = Elapsed time spent in this place.
 B = Non-inter-level travel time spent in this place.
 C = Inter-level travel time spent in this place.
 D = Time resting spent in this place.
 E = Time spent auto-exploring this place.
 F = Levels seen in this place.
 G = Mean time per level.
                   A        B        C        D        E       F      G
               +--------+--------+--------+--------+--------+-----+--------+
         Total |    179 |    179 |      0 |     18 |      0 |   1 |  179.0 |
       Dungeon |    179 |    179 |      0 |     18 |      0 |   1 |  179.0 |
               +--------+--------+--------+--------+--------+-----+--------+

Top non-repeatable levels by time:
       D: 179 daAuts
